 Dungeon Crawl Stone Soup version 0.29-a0-529-gfa20dd96a1 (webtiles) character file.

Game seed: 15640042714828620372

336 lunkers the Grave Robber (level 6, -1/41 HPs)
             Began as a Vampire Necromancer on June 1, 2022.
             Slain by Pikel
             ... wielding a +1 whip of freezing
              (5 damage)
             ... on level 3 of the Dungeon.
             The game lasted 00:06:39 (3305 turns).

lunkers the Grave Robber (Vampire Necromancer)      Turns: 3305, Time: 00:06:39

Health: -1/41      AC:  4    Str:  7    XL:     6   Next: 28%
Magic:  0/11       EV: 12    Int: 19    God:
Gold:   171        SH:  0    Dex: 15    Spells: 6/12 levels left

rFire   . . .      SeeInvis +   c - +0 dagger (venom)
rCold   + . .      Faith    .   (no shield)
rNeg    . . .      Spirit   .   a - +0 robe
rPois   .          Reflect  .   k - +0 helmet
rElec   .          Harm     .   (no cloak)
rCorr   .          Rampage  .   h - +0 pair of gloves
Will    +....                   (no boots)
Stlth   ++........              l - amulet of the acrobat
HPRegen 0.33/turn               m - ring of protection from cold
MPRegen 0.12/turn               r - ring of willpower

@: healing quickly, studying Maces & Flails
A: alive, fangs 3, see invisible, vampiric 2
a: Exsanguinate


You were on level 3 of the Dungeon.
You visited 1 branch of the dungeon, and saw 4 of its levels.

You collected 171 gold pieces.

Inventory:

Hand Weapons
 c - a +0 dagger of venom (weapon)
 j - a +2 dagger of speed
Armour
 a - a +0 robe (worn)
 h - a +0 pair of gloves (worn)
 k - a +0 helmet (worn)
Jewellery
 l - an amulet of the acrobat (around neck)
 m - a ring of protection from cold (left hand)
 r - a ring of willpower (right hand)
 t - a ring of fire
Wands
 u - a wand of mindburst (6)
Scrolls
 d - a scroll of immolation {unknown}
 e - 2 scrolls of blinking {unknown}
 f - 3 scrolls of identify {unknown}
 p - 2 scrolls of poison {unknown}
 q - a scroll of enchant armour {unknown}
 s - a scroll of enchant weapon {unknown}
Potions
 b - a potion of magic
 g - a potion of invisibility {unknown}
 i - a potion of curing {unknown}
 n - 5 potions of brilliance {unknown}
 o - a potion of degeneration {unknown}
 v - a potion of haste {unknown}
 w - a potion of mutation {unknown}


   Skills:
 - Level 2.1 Dodging
 - Level 3.0 Stealth
 + Level 3.8 Spellcasting
 * Level 7.3 Necromancy


You had 6 spell levels left.
You knew the following spells:

 Your Spells              Type           Power      Damage    Failure   Level
a - Necrotize             Necr           100%       1d9       1%          1
b - Sublimation of Blood  Necr           31%        N/A       1%          2
c - Vampiric Draining     Necr           31%        2d8       1%          3

Your spell library contained the following spells:

 Spells                   Type           Power      Damage    Failure   Level
 Animate Dead             Necr           31%        N/A       7%          4
 Freeze                   Ice            12%        1d4       14%         1
 Agony                    Necr           31%        N/A       19%         5
 Wereblood                Tmut           3%         N/A       22%         2
 Frozen Ramparts          Ice            6%         1d2       38%         3
 Hailstorm                Conj/Ice       3%         3d3       80%         4
 Summon Hydra             Summ           1%         N/A       100%        7


Dungeon Overview and Level Annotations

Branches:
Dungeon (4/15)
 Temple: D:4-7

Altars:

Shops:
D:2 ?

Annotations:
D:3 Pikel


Innate Abilities, Weirdness & Mutations

Your natural rate of healing is accelerated.
You have razor-sharp teeth.
You have supernaturally acute eyesight. (SInv)
You are afflicted with vampirism and can become a bat while bloodless.


Message History

Aim: Pikel, wielding a +1 whip of freezing and wearing a +0 robe You draw life force from Pikel!
You feel life coursing into your body.
Pikel hits you with a +1 whip of freezing!
* * * LOW HITPOINT WARNING * * *
Pikel freezes you.
* * * LOW HITPOINT WARNING * * *
Casting: Vampiric Draining (safe; 1% risk of failure)
Confirm with . or Enter, or press ? or * to list all spells.
Aiming: Vampiric Draining (safe; 1% risk of failure)
Press: ? - help, Shift-Dir - straight line, f/p - Pikel
Aim: Pikel, wielding a +1 whip of freezing and wearing a +0 robe (moderately wounded)
You draw life force from Pikel!
You feel life coursing into your body.
Pikel hits you with a +1 whip of freezing.
* * * LOW HITPOINT WARNING * * *
Unknown command.
Unknown command.
Casting: Vampiric Draining (safe; 1% risk of failure)
Confirm with . or Enter, or press ? or * to list all spells.
Aiming: Vampiric Draining (safe; 1% risk of failure)
Press: ? - help, Shift-Dir - straight line, f/p - Pikel
Aim: Pikel, wielding a +1 whip of freezing and wearing a +0 robe (heavily wounded)
You draw life force from Pikel!
You feel life coursing into your body.
* * * LOW MAGIC WARNING * * *
Pikel closely misses you.
Unknown command.
Unknown command.
Aiming: Mindburst
Press: ? - help, Shift-Dir - straight line, f/p - Pikel
Aim: Pikel, wielding a +1 whip of freezing and wearing a +0 robe (severely wounded, chance to affect: 64%) Pikel struggles to resist.
Pikel hits you with a +1 whip of freezing!
* * * LOW HITPOINT WARNING * * *
Pikel freezes you.
* * * LOW HITPOINT WARNING * * *
Aiming: Mindburst
Press: ? - help, Shift-Dir - straight line, f/p - Pikel
Aim: Pikel, wielding a +1 whip of freezing and wearing a +0 robe (severely wounded, chance to affect: 64%) Pikel struggles to resist.
Pikel hits you with a +1 whip of freezing.
You die...

####.####.#.## #.###.##
##.### #.###.###.###.##)##
##..# #.##.## ##........##
##.#># ####
#.###.###.###.####.###.##..
...#
#.####.#.####.#####.#.####.
##.# #.........(.....#
##.## #. #.#
#.#####.#####.#.# #.# #.
##.## #[####...####.#.# #.#
#. #...###........K@...#.#
#.# #.
..#.....####.>.######.#
#.#####. ..#...### ##.##
#.# #....... #####.# #.#
#.# #######. ..#...# #.#
#.###### #. #.#.### #.#
#......# #. #...# #.#
######.#####. ##### #.#
#.##.... ..# #.# #.##.###


You could see Pikel.

Vanquished Creatures
  Sigmund (D:3)
  4 lemures (D:3)
  Ijyb (D:3)
  Natasha (D:2)
  Terence (D:3)
  2 adders (D:2)
  A worm (D:2)
  5 dart slugs
  10 endoplasms
  2 giant cockroaches
  5 goblins
  5 hobgoblins
  5 jackals
  6 kobolds
  A quokka (D:1)
  8 ball pythons
  8 bats
  2 frilled lizards
  7 rats
75 creatures vanquished.

Vanquished Creatures (collateral kills)
  2 ball pythons (D:1)
  A kobold (D:1)
3 creatures vanquished.

Grand Total: 78 creatures vanquished

Notes
Turn   | Place    | Note
-------+----------+-------------------------------------------
     0 | D:1      | lunkers the Vampire Necromancer began the quest for the
                  | Orb.
     0 | D:1      | Reached XP level 1. HP: 13/13 MP: 3/3
   168 | D:1      | Reached XP level 2. HP: 19/19 MP: 0/5
   300 | D:1      | Found a faded altar of an unknown god.
   426 | D:1      | Reached skill level 5 in Necromancy
   562 | D:1      | Gained mutation: You are afflicted with vampirism and can
                  | become a bat while bloodless. [Vampire growth]
   562 | D:1      | Reached XP level 3. HP: 21/24 MP: 6/6
   568 | D:1      | Learned a level 2 spell: Sublimation of Blood
   572 | D:1      | Learned a level 3 spell: Vampiric Draining
  1270 | D:2      | Found Ruuqukk's Magic Scroll Shop.
  1393 | D:2      | Reached XP level 4. HP: 27/27 MP: 4/8
  2007 | D:2      | Noticed Natasha
  2011 | D:2      | Killed Natasha
  2012 | D:2      | Reached skill level 6 in Necromancy
  2360 | D:3      | Noticed Terence
  2365 | D:3      | Killed Terence
  2366 | D:3      | Reached XP level 5. HP: 31/31 MP: 4/9
  2419 | D:3      | Noticed Ijyb
  2423 | D:3      | Killed Ijyb
  2567 | D:3      | Noticed Sigmund
  2577 | D:3      | Killed Sigmund
  2578 | D:3      | Reached skill level 7 in Necromancy
  2578 | D:3      | Reached XP level 6. HP: 22/41 MP: 1/11
  3176 | D:4      | Noticed Pikel
  3305 | D:3      | Slain by Pikel

Illustrated notes

Levels and vault maps discovered:
D:1:      lemuel_arrival_lava_pool, layout_loops_ring,
          chequers_ecumenical_altar_twisty, minmay_nonomino_d4
D:2:      layout_basic, serial_shops, shop_fountains, hangedman_decor_points,
          kennysheep_generic_room_5, uniq_natasha
D:3:      layout_loops_ring, uniq_sigmund, uniq_ijyb, uniq_terence
D:4:      layout_rooms, temple_fountains, st_stairs_9, amcnicky_mini_pool_small,
          uniq_pikel

Skill      XL: |  1  2  3  4  5 |
---------------+----------------+-----
Necromancy     | 5 6 7 |  7.3
Spellcasting   | 3 |  3.8
Dodging        | |  2.1
Stealth        | |  3.0

Action                   |  1- 3 |  4- 6 || total
-------------------------+-------+-------++-------
Melee: Dagger            |    41 |    31 ||    72
       Bite              |     4 |     5 ||     9
       Punch             |     1 |     1 ||     2
 Cast: Necrotize         |    57 |    60 ||   117
       Sublimation of Bl |       |     1 ||     1
       Vampiric Draining |       |     4 ||     4
 Abil: Bat Form          |     1 |       ||     1
       Exsanguinate      |     1 |       ||     1
       Revivify          |     1 |       ||     1
Evoke: Wand              |       |    10 ||    10
 Stab: Sleeping          |     1 |       ||     1
Armor: Robe              |    24 |     8 ||    32
Dodge: Dodged            |    74 |    32 ||   106

Table legend: (Time is in decaauts)
 A = Elapsed time spent in this place.
 B = Non-inter-level travel time spent in this place.
 C = Inter-level travel time spent in this place.
 D = Time resting spent in this place.
 E = Time spent auto-exploring this place.
 F = Levels seen in this place.
 G = Mean time per level.
                   A        B        C        D        E       F      G
               +--------+--------+--------+--------+--------+-----+--------+
         Total |   3299 |   3182 |    117 |     69 |   2519 |   4 |  824.8 |
       Dungeon |   3299 |   3182 |    117 |     69 |   2519 |   4 |  824.8 |
               +--------+--------+--------+--------+--------+-----+--------+

Top non-repeatable levels by time:
     D:1: 1265 daAuts
     D:2: 1047 daAuts
     D:3: 979 daAuts
     D:4: 7 daAuts
